 Dungeon Sprint DCSS version 0.17.1-1-g73c8601 (webtiles) character file.

1529 HAWKINGL3623 the Frost Mage (level 8, -4/68 HPs)
             Began as a Demigod Ice Elementalist on Feb 6, 2016.
             Shot with a bolt of flame by a yaktaur (12 damage)
             ... in the Dungeon (Sprint V: "Ziggurat Sprint").
             The game lasted 00:09:51 (662 turns).

HAWKINGL3623 the Frost Mage (DgIE)                   Turns: 662, Time: 00:10:01

Health: -4/68      AC: 18    Str: 19    XL:     8   Next: 29%
Magic:  20/20      EV: 13    Int: 21    God:
Gold:   0          SH:  0    Dex: 16    Spells: 6 memorised, 0 levels left

rFire  x . .     SeeInvis .     K - +7 executioner's axe
rCold  + + .     Clarity  .     j - +5 ice dragon armour
rNeg   . . .     SustAt   +     (shield currently unavailable)
rPois  .         Gourm    .     (no helmet)
rElec  .         Spirit   .     F - +1 cloak {+Inv}
rCorr  .         Warding  .     (no gloves)
rMut   .         NoTele   +     (no boots)
MR     .....                    (no amulet)
Stlth  ++........               M - ring of wizardry
                                H - +6 ring of strength

@: lethally poisoned (-4 -> -7), not resistant to hostile enchantments,
unstealthy
A: high mp 1, sustain attributes
a: Evoke Invisibility


You were in the Dungeon.
You were not hungry.

You visited 1 branch

Inventory:

Hand Weapons
 K - a +7 executioner's axe (weapon)
 L - a +7 demon trident
Armour
 j - a +5 ice dragon armour (worn)
 F - a +1 cloak of invisibility (worn)
Jewellery
 H - a +6 ring of strength (left hand)
 J - an uncursed ring of flight
 M - a ring of wizardry (right hand)
Wands
 y - a wand of disintegration (5)
 A - a wand of fire (5)
 B - a wand of cold (5)
 C - a wand of draining (5)
Scrolls
 i - 4 scrolls of blinking
 m - 4 scrolls of amnesia
 n - 3 scrolls of recharging
 o - 7 scrolls of fog
 p - a scroll of holy word
 q - 5 scrolls of identify
 r - 5 scrolls of remove curse
 s - a scroll of fear
Potions
 d - 8 potions of curing
 e - a potion of heal wounds
 f - 6 potions of haste
 g - 7 potions of magic
 h - 2 potions of berserk rage
 t - 2 potions of brilliance
 u - a potion of invisibility
 v - 4 potions of resistance
 w - a potion of experience
 x - 5 potions of agility
 z - 5 potions of might
Books
 b - a book of Frost

   Spells                             Type                      Level
   a - Freeze                         Ice                          1
   b - Throw Frost                    Conjuration/Ice              2
   c - Ozocubu's Armour               Charms/Ice                   3
   d - Throw Icicle                   Conjuration/Ice              4
   e - Summon Ice Beast               Ice/Summoning                4
   f - Condensation Shield            Ice                          4
Miscellaneous
 D - a box of beasts {used: 1}
 E - an ornate deck of wonders
Comestibles
 c - 5 bread rations
 k - 41 fruits
 l - 4 meat rations


   Skills:
 + Level 5.2 Fighting
 + Level 6.5 Axes
 + Level 5.1 Armour
 + Level 7.4 Dodging
 + Level 6.0 Stealth
 + Level 5.6 Spellcasting
 + Level 1.6 Conjurations
 + Level 10.1 Ice Magic
 + Level 0.3 Evocations


You couldn't memorise any spells.
You knew the following spells:

 Your Spells              Type           Power        Failure   Level  Hunger
a - Freeze                Ice            ####         1%          1    None
b - Throw Frost           Conj/Ice       ####..       2%          2    None
c - Ozocubu's Armour      Chrm/Ice       ####....     7%          3    ##.....
d - Throw Icicle          Conj/Ice       ####....     14%         4    ####...
e - Summon Ice Beast      Ice/Summ       ####....     26%         4    ####...
f - Condensation Shield   Ice            #####.....   2%          4    ####...


Dungeon Overview and Level Annotations

Branches:
Dungeon (1/1)


Innate Abilities, Weirdness & Mutations

You have an increased reservoir of magic (+10% MP).
Your attributes are resistant to harm.


Message History

* * * LOW HITPOINT WARNING * * *
The yaktaur wields an arbalest.
The yaktaur shoots a bolt of flame.
The bolt of flame closely misses you.
Drink which item? (? for menu, Esc to quit)
You feel much better.
The yaktaur shouts!
The centaur shouts!
The centaur wields a shortbow.
The centaur shoots a poisoned arrow.
The poisoned arrow hits you!
You are poisoned.
The centaur warrior shoots an arrow.
The arrow completely misses you.
The yaktaur shoots a bolt.
The bolt hits you!
* * * LOW HITPOINT WARNING * * *
You open the lid... ...and a larval weirdfire beast leaps out!
You feel sick.
The cyclops shouts!
The centaur shouts!
The centaur warrior shoots an arrow.
The arrow hits your larval weirdfire beast!
The yaktaur shoots a bolt of flame.
The bolt of flame hits you!
You die...

▓..8©8.o▓
▓..)C..:..▓..o[|oo▓
▓...cc....▓...{}..▓
▓..Ccc....▓.......▓
▓..c..c...▓.......▓
▓.........▓.......▓
▓...H.....▓§...o..▓
▓.▓.....▓.▓.▓...▓.▓
▓....@....▓.......▓
▓▓▓▓▓▓▓▓▓▓▓▓▓▓▓▓▓▓▓


You could see a centaur warrior, 2 cyclopes, 3 yaktaurs, 2 centaurs and a
friendly larval weirdfire beast.

Vanquished Creatures
  2 yaks (D)
  An air elemental (D)
  3 insubstantial wisps (D)
  A hell hound (D)
  A porcupine (D)
  A water moccasin (D)
  2 necrophages (D)
  A giant frog (D)
  2 wights (D)
  3 iguanas (D)
  A sheep (D)
  2 adders (D)
  A river rat (D)
  An adder skeleton (D)
  2 adder zombies (D)
  3 bat skeletons (D)
  A bat zombie (D)
  A ball python skeleton (D)
  A giant gecko zombie (D)
30 creatures vanquished.

Vanquished Creatures (others)
  A bat skeleton (D)
1 creature vanquished.

Grand Total: 31 creatures vanquished

Notes
Turn   | Place    | Note
--------------------------------------------------------------
     0 | D        | HAWKINGL3623 the Demigod Ice Elementalist began the quest for the Orb.
     0 | D        | Reached XP level 1. HP: 14/14 MP: 5/5
    14 | D        | Found an iron altar of Okawaru.
    14 | D        | Found a radiant altar of Vehumet.
    14 | D        | Found a shimmering altar of Xom.
    14 | D        | Found a burning altar of Makhleb.
    24 | D        | Found a deep blue altar of Sif Muna.
    26 | D        | Found a white marble altar of Elyvilon.
    26 | D        | Found a corrupted altar of Lugonu.
    26 | D        | Found a sparkling altar of Nemelex Xobeh.
    26 | D        | Found a roughly hewn altar of Beogh.
    26 | D        | Found a bloodstained altar of Trog.
    26 | D        | Found a viscous altar of Jiyva.
    65 | D        | Entered arena 1.
    65 | D        | Noticed a necrophage
    68 | D        | Reached skill level 3 in Ice Magic
    70 | D        | Killed a necrophage
    70 | D        | Reached skill level 6 in Ice Magic
    70 | D        | Reached XP level 2. HP: 20/20 MP: 6/9
    70 | D        | Reached XP level 3. HP: 26/26 MP: 6/10
    70 | D        | Reached XP level 4. HP: 33/33 MP: 7/12
    74 | D        | Learned a level 2 spell: Throw Frost
    78 | D        | Learned a level 3 spell: Ozocubu's Armour
    83 | D        | Learned a level 4 spell: Throw Icicle
    97 | D        | Entered arena 2.
    97 | D        | Noticed a water moccasin
   108 | D        | Killed a water moccasin
   108 | D        | Reached skill level 1 in Fighting
   108 | D        | Reached skill level 1 in Axes
   108 | D        | Reached skill level 1 in Armour
   108 | D        | Reached skill level 1 in Conjurations
   108 | D        | Reached skill level 7 in Ice Magic
   108 | D        | Reached XP level 5. HP: 30/40 MP: 12/14
   182 | D        | Got the ring "Utughojyumm" {rElec MR++ MP-9 Stlth+}
   188 | D        | Entered arena 3.
   188 | D        | Noticed an iguana
   188 | D        | Noticed a yak
   191 | D        | Reached skill level 8 in Ice Magic
   196 | D        | Killed a yak
   196 | D        | Reached skill level 5 in Dodging
   196 | D        | Reached skill level 9 in Ice Magic
   196 | D        | Reached XP level 6. HP: 36/48 MP: 14/16
   197 | D        | Killed an iguana
   343 | D        | Got the ring "Sahuarergh" {+Blink rPois rC- MR- SInv}
   350 | D        | Entered arena 4.
   350 | D        | Noticed an air elemental
   350 | D        | Noticed an insubstantial wisp
   350 | D        | Noticed an insubstantial wisp
   350 | D        | Noticed an insubstantial wisp
   355 | D        | Killed an air elemental
   355 | D        | Reached skill level 5 in Spellcasting
   363 | D        | Killed an insubstantial wisp
   363 | D        | Reached XP level 7. HP: 39/57 MP: 14/18
   379 | D        | Killed an insubstantial wisp
   379 | D        | Reached skill level 10 in Ice Magic
   384 | D        | Killed an insubstantial wisp
   384 | D        | Reached skill level 5 in Stealth
   514 | D        | Entered arena 5.
   514 | D        | Noticed a yak
   514 | D        | Noticed an iguana
   514 | D        | Noticed an iguana
   514 | D        | Noticed a porcupine
   514 | D        | Noticed a giant frog
   517 | D        | Killed a giant frog
   517 | D        | Reached skill level 5 in Axes
   518 | D        | Killed a porcupine
   518 | D        | Killed an iguana
   522 | D        | Killed a yak
   522 | D        | Reached XP level 8. HP: 67/67 MP: 20/20
   523 | D        | Killed an iguana
   580 | D        | Entered arena 6.
   580 | D        | Noticed a hell hound
   586 | D        | Killed a hell hound
   597 | D        | Learned a level 4 spell: Summon Ice Beast
   602 | D        | Learned a level 4 spell: Condensation Shield
   607 | D        | Entered arena 7.
   607 | D        | Noticed an orc wizard
   607 | D        | Noticed an orc wizard
   607 | D        | Noticed an orc warrior
   607 | D        | Noticed an orc warrior
   607 | D        | Noticed an orc wizard
   607 | D        | Noticed an orc warrior
   622 | D        | Entered arena 8.
   622 | D        | Noticed a necrophage
   622 | D        | Noticed a wight
   622 | D        | Noticed a wight
   630 | D        | Killed a necrophage
   630 | D        | Reached skill level 5 in Fighting
   630 | D        | Reached skill level 5 in Armour
   630 | D        | Killed a wight
   632 | D        | Killed a wight
   658 | D        | Entered arena 9.
   658 | D        | Noticed a cyclops
   658 | D        | Noticed a cyclops
   658 | D        | Noticed a yaktaur
   658 | D        | Noticed a centaur
   658 | D        | Noticed a centaur
   658 | D        | Noticed a centaur warrior
   658 | D        | Noticed a yaktaur
   658 | D        | Noticed a yaktaur
   661 | D        | Identified a +2 rod of clouds (13/13)
   662 | D        | Shot with a bolt of flame by a yaktaur

Action                   |  1- 3 |  4- 6 |  7- 9 || total
-------------------------+-------+-------+-------++-------
Melee: Executioner's axe |     4 |    20 |    35 ||    59
Evoke: Wand              |       |       |     2 ||     2
       Box of beasts     |       |       |     1 ||     1
  Use: Potion            |       |     6 |     7 ||    13
       Scroll            |       |       |     5 ||     5
 Stab: Invisible         |       |     1 |     3 ||     4
  Eat: Fruit             |       |       |     1 ||     1
